 Dungeon Crawl Stone Soup version 0.31-a0-1338-gb567cfdca4 (webtiles) character file.

Game seed: 8283648518839174920

693 Fodor the Chopper (level 7, -6/61 HPs)
             Began as a Minotaur Fighter on Dec 22, 2023.
             Mangled by an ogre
             ... wielding a +0 giant spiked club
              (23 damage)
             ... on level 4 of the Dungeon.
             The game lasted 00:18:00 (3532 turns).

Fodor the Chopper (Minotaur Fighter)                Turns: 3532, Time: 00:18:01

Health: -6/61      AC: 11    Str: 23    XL:     7   Next: 37%
Magic:  6/6        EV:  8    Int:  5    God:
Gold:   179        SH:  4    Dex:  9    Spells: 6/6 levels left

rFire   . . .        a - +0 war axe
rCold   . . .        c - +0 buckler
rNeg    . . .        m - +0 chain mail
rPois   .            (helmet restricted)
rElec   .            p - +0 cloak
rCorr   .            (no gloves)
SInv    .            (no boots)
Will    .....        (no amulet) Stlth
                     (no ring)
HPRegen 0.30/turn    (no ring)
MPRegen 0.10/turn

%: no passive effects
@: no status effects
A: horns 2, retaliatory headbutt
a: no special abilities


You were on level 4 of the Dungeon.
You visited 1 branch of the dungeon, and saw 4 of its levels.
You also visited: Sewer.

You collected 179 gold pieces.

Inventory:

Hand Weapons
 a - a +0 war axe (weapon)
Armour
 c - a +0 buckler (worn)
 e - an orb of light
 m - a +0 chain mail (worn)
 p - a +0 cloak (worn)
Jewellery
 g - an amulet of magic regeneration
 i - a +6 ring of dexterity
Wands
 x - a wand of roots (10)
Scrolls
 b - a scroll of vulnerability {unknown}
 h - 4 scrolls of identify {unknown}
 l - a scroll of teleportation {unknown}
 n - 2 scrolls of amnesia {unknown}
 r - a scroll of immolation {unknown}
 t - a scroll of fog {unknown}
 u - a scroll of fear {unknown}
 w - a scroll of enchant weapon {unknown}
Potions
 d - a potion of might
 f - a potion of ambrosia {unknown}
 j - a potion of invisibility {unknown}
 k - 4 potions of curing {unknown}
 o - a potion of attraction {unknown}
 q - 2 potions of haste {unknown}
 s - 2 potions of degeneration {unknown}
 v - a potion of resistance {unknown}


   Skills:
 + Level 5.2 Fighting
 + Level 6.6 Axes
 + Level 6.1 Armour
 + Level 1.6 Dodging
 + Level 0.1 Stealth
 + Level 4.9 Shields


You had 6 spell levels left.
You didn't know any spells.
Your spell library contained the following spells:

 Spells                   Type           Power      Damage    Failure   Level
 Slow                     Hex            0%         N/A       98%         1
 Confusing Touch          Hex            0%         N/A       100%        3
 Sigil of Binding         Hex            0%         N/A       100%        3
 Vampiric Draining        Necr           0%         2d6       100%        3


Dungeon Overview and Level Annotations

Branches:
Dungeon (4/15)              Sewer (visited)
 Temple: D:4-7

Altars:
Elyvilon
Hepliaklqana
Trog

Shops:
D:2 =


Innate Abilities, Weirdness & Mutations

You have a pair of horns on your head.
You reflexively headbutt those who attack you in melee.


Message History

The sleepcap is heavily damaged.
The sleepcap barely misses you.
The orc priest begins to cast a cantrip, but forgets the words!
The sleepcap releases spores at you but does no damage.
You slash the sleepcap!
You destroy the sleepcap!
The orc priest looks encouraged for a moment.
An orc wizard comes into view. It is wielding a +0 dagger.
Your Armour skill increases to level 6!
You barely miss the orc priest.
The orc wizard shouts!
The orc wizard casts a spell.
The orc wizard flickers and vanishes!
Deactivating autopickup; reactivate with Ctrl-A.
The orc priest barely misses you.
You hit the orc priest. Your headbutt misses the orc priest.
The orc priest is moderately wounded.
The orc priest barely misses you.
You slash the orc priest!
You headbutt the orc priest, but do no damage.
The orc priest is almost dead.
The orc priest closely misses you.
You hit the orc priest. Your headbutt misses the orc priest.
The orc priest is almost dead.
You block the orc priest's attack.
The orc priest hits you but does no damage.
You closely miss the orc priest.
The orc priest is almost dead.
The orc priest hits you but does no damage.
You slash the orc priest!
You kill the orc priest!
You closely miss the ogre.
The ogre hits you with a +0 giant spiked club!!
You barely miss the ogre.
You headbutt the ogre, but do no damage.
The ogre hits you with a +0 giant spiked club!
* * * LOW HITPOINT WARNING * * *
You barely miss the ogre.
The ogre hits you with a +0 giant spiked club!!
You die...

.# # #.#
.# #.# .#
#.# #.#
#.# #.#
#.# #.#
#@# #O#
#.#o# .##
#.#.#
....#.#o#
....#.#o#
........#
.###....#
#....#


You could see an ogre and 3 orcs.

Vanquished Creatures
  5 kobold brigands (Sewer)
  A brain worm (Sewer)
  An orc priest (D:4)
  A hound (D:4)
  A sleepcap (D:4)
  Robin (D:2)
  8 adders
  6 worms
  An orc (D:3)
  12 endoplasms
  5 giant cockroaches
  6 hobgoblins
  6 jackals (D:1)
  9 kobolds
  7 quokkas
  12 ball pythons
  5 bats
  A frilled lizard (D:3)
  11 goblins
  9 rats
108 creatures vanquished.

Notes
Turn   | Place    | Note
-------+----------+-------------------------------------------
     0 | D:1      | Fodor the Minotaur Fighter began the quest for the Orb.
     0 | D:1      | Reached XP level 1. HP: 19/19 MP: 0/0
    97 | D:1      | Reached XP level 2. HP: 27/27 MP: 1/1
   675 | D:1      | Found a faded altar of an unknown god.
   779 | D:1      | Reached XP level 3. HP: 32/33 MP: 2/2
  1109 | D:2      | Reached skill level 1 in Dodging
  1371 | D:2      | Found Tosau's Jewellery Boutique.
  1417 | D:2      | Reached XP level 4. HP: 40/40 MP: 3/3
  1438 | D:2      | Noticed Robin
  1450 | D:2      | Killed Robin
  1631 | D:3      | Found a bloodstained altar of Trog.
  2291 | D:4      | Found a white marble altar of Elyvilon.
  2448 | D:4      | Reached XP level 5. HP: 47/47 MP: 4/4
  2655 | D:4      | Found a glowing drain.
  2666 | Sewer    | Entered a sewer
  2905 | Sewer    | Reached skill level 5 in Armour
  2977 | Sewer    | Reached skill level 5 in Axes
  2977 | Sewer    | Reached XP level 6. HP: 52/55 MP: 5/5
  3192 | Sewer    | Reached skill level 5 in Fighting
  3223 | Sewer    | Reached XP level 7. HP: 58/61 MP: 6/6
  3445 | D:4      | Found a hazy altar of Hepliaklqana.
  3532 | D:4      | Mangled by an ogre

Illustrated notes

Levels and vault maps discovered:
D:1:      dpeg_arrival_shrine, layout_basic,
          ebering_ecumenical_altar_sacrificial
D:2:      layout_loops_ring, serial_shops, nicolae_shop_crystal, uniq_robin
D:3:      layout_loops_ring, mainiacjoe_overflow_24_doors
D:4:      gammafunk_cloud_chamber, layout_basic,
          worldfamousw_hep_ancestral_shrine, elyvilon_altar_4,
          nicolae_vehumet_altar_sigil, portal_sewer_entry_d

Skill      XL: |  1  2  3  4  5  6  7 |
---------------+----------------------+-----
Fighting       | 4 5 |  5.2
Armour         | 4 5 6 |  6.1
Shields        | 4 |  4.9
Axes           | 3 5 6 |  6.6
Dodging        | 1 |  1.6
Stealth        | |  0.1

Action                     |  1- 3 |  4- 6 |  7- 9 || total
---------------------------+-------+-------+-------++-------
  Melee: War axe           |    61 |   164 |    32 ||   257
         Headbutt          |    13 |    21 |     4 ||    38
 Armour: Scale mail        |    30 |       |       ||    30
         Chain mail        |    16 |   131 |    15 ||   162
         Skin              |     2 |       |       ||     2
  Dodge: Dodged            |    51 |    55 |     8 ||   114
  Block: Buckler           |    17 |    40 |     3 ||    60

Table legend: (Time is in decaauts)
 A = Elapsed time spent in this place.
 B = Non-inter-level travel time spent in this place.
 C = Inter-level travel time spent in this place.
 D = Time resting spent in this place.
 E = Time spent auto-exploring this place.
 F = Levels seen in this place.
 G = Mean time per level.
                   A        B        C        D        E       F      G
               +--------+--------+--------+--------+--------+-----+--------+
         Total |   3824 |   3615 |    209 |     85 |      0 |   5 |  764.8 |
       Dungeon |   2939 |   2730 |    209 |      0 |      0 |   4 |  734.8 |
         Sewer |    885 |    885 |      0 |     85 |      0 |   1 |  885.0 |
               +--------+--------+--------+--------+--------+-----+--------+

Top non-repeatable levels by time:
     D:1: 892 daAuts
   Sewer: 885 daAuts
     D:2: 731 daAuts
     D:3: 711 daAuts
     D:4: 604 daAuts
